 Dungeon Crawl Stone Soup version 0.17.0-28-g6e173f8 (webtiles) character file.

334 coffecat the Chopper (level 6, -3/52 HPs)
             Began as a Minotaur Gladiator on Dec 1, 2015.
             Was an Initiate of Trog.
             Killed from afar by Sigmund (6 damage)
             ... with a puff of flame
             ... on level 5 of the Dungeon.
             The game lasted 00:08:49 (2410 turns).

coffecat the Chopper (Minotaur Gladiator)           Turns: 2410, Time: 00:08:50

Health: -3/52      AC:  6    Str: 20    XL:     6   Next: 27%
Magic:  5/5        EV: 12    Int:  5    God:    Trog [......]
Gold:   251        SH:  0    Dex: 12    Spells: 0 memorised, 5 levels left

rFire  . . .     SeeInvis .     a - +0 war axe
rCold  . . .     Clarity  .     s - +0 scale mail
rNeg   . . .     SustAt   .     (no shield)
rPois  .         Gourm    .     c - +0 hat
rElec  .         Spirit   .     (no cloak)
rCorr  .         Warding  .     (no gloves)
rMut   .         Stasis   .     (no boots)
MR     .....                    (no amulet)
Stlth  ..........               (no ring)
                                (no ring)

@: not resistant to hostile enchantments, extremely unstealthy
A: retaliatory headbutt, horns 2
a: Burn Spellbooks, Renounce Religion


You were on level 5 of the Dungeon.
You worshipped Trog.
Trog was noncommittal.
You were not hungry.

You visited 1 branch of the dungeon, and saw 5 of its levels.

You collected 251 gold pieces.

Inventory:

Hand Weapons
 a - a +0 war axe (weapon)
Missiles
 d - 3 throwing nets (quivered)
Armour
 b - a +0 leather armour
 c - a +0 hat (worn)
 l - a +0 chain mail
 s - a +0 scale mail (worn)
 t - a +0 scale mail
Jewellery
 p - an uncursed ring of flight {unknown}
Scrolls
 f - 2 scrolls of teleportation {unknown}
 h - 2 scrolls of identify {unknown}
 i - 3 scrolls of recharging {unknown}
 n - a scroll of amnesia {unknown}
 o - 2 scrolls of blinking {unknown}
 q - a scroll of remove curse {unknown}
 w - a scroll of immolation {unknown}
Potions
 g - a potion of might {unknown}
 j - 3 potions of curing {unknown}
 k - 2 potions of ambrosia {unknown}
 r - a potion of poison {unknown}
 u - a potion of magic {unknown}
Comestibles
 e - a bread ration
 m - 2 meat rations
 v - a beef jerky
 x - a chunk of flesh


   Skills:
 + Level 3.9 Fighting
 + Level 5.3 Axes
 + Level 2.2 Throwing
 + Level 3.1 Armour
 + Level 5.1 Dodging
 + Level 0.3 Stealth


You had 5 spell levels left.
You didn't know any spells.

Dungeon Overview and Level Annotations

Branches:
Dungeon (5/15)
 Temple: D:4-7

Altars:
Cheibriados
Dithmenos
Trog

Annotations:
D:5 Sigmund


Innate Abilities, Weirdness & Mutations

You reflexively headbutt those who attack you in melee.
You have a pair of horns on your head.


Message History

The ogre shouts!
You slash the worm!
You kill the worm!
Trog accepts your kill. Something hits you but does no damage.
You slash something! You headbutt something.
Something hits you but does no damage.
You hit something but do no damage. Your headbutt misses something.
Something hits you but does no damage.
You hit something. Something hits you.
You barely miss something. You miss something. You headbutt something.
Something hits you! The ogre hits you with a giant club!!
* * * LOW HITPOINT WARNING * * *
You barely miss something. You hit the ogre.
The ogre is lightly wounded.
You hear some strange, mumbled words.
A puff of flame appears from out of thin air!
The puff of flame hits you!
You die...

#.... .. .. #### ...
#.####### .. #.#
........... #.
#>#............
#.#####.##..........# #..
.....#..........#
######=###..............#
........@{!.............#
...#.#..O#........#####..
#...#.#..........###...
#!....#...#.?.........##
#.....#..#.......#.#####
#.....###...#....#.# #
..#...# #..#.....#.# #
...#.# ###...####.. #
#...# #...#..# ##. .


You could see an ogre.

Vanquished Creatures
  The ghost of gorblad the Skirmisher, an amateur DrCK of Xom (D:3)
  A jelly (D:5)
  A hound (D:5)
  A giant frog skeleton (D:5)
  2 iguanas
  A worker ant (D:5)
  3 adders
  2 worms
  3 giant geckos
  An orc (D:4)
  6 bats
  4 giant cockroaches
  2 hobgoblins
  3 quokkas
  6 giant newts
  7 goblins
  4 jackals (D:2)
  A kobold (D:1)
  2 rats
51 creatures vanquished.

Notes
Turn   | Place    | Note
--------------------------------------------------------------
     0 | D:1      | coffecat the Minotaur Gladiator began the quest for the Orb.
     0 | D:1      | Reached XP level 1. HP: 18/18 MP: 0/0
   349 | D:1      | Reached XP level 2. HP: 22/25 MP: 1/1
   531 | D:1      | Reached skill level 4 in Axes
   823 | D:2      | Reached XP level 3. HP: 13/30 MP: 2/2
  1201 | D:2      | Found a bloodstained altar of Trog.
  1209 | D:2      | Became a worshipper of Trog the Wrathful
  1261 | D:3      | Found a shadowy altar of Dithmenos.
  1543 | D:3      | Noticed gorblad's ghost (amateur DrCK)
  1569 | D:3      | Killed gorblad's ghost
  1569 | D:3      | Reached skill level 1 in Armour
  1569 | D:3      | Reached XP level 4. HP: 20/38 MP: 3/3
  1569 | D:3      | Reached XP level 5. HP: 23/45 MP: 4/4
  1724 | D:4      | Found a snail-covered altar of Cheibriados.
  1974 | D:5      | Entered Level 5 of the Dungeon
  1979 | D:5      | Reached skill level 5 in Axes
  2023 | D:5      | Reached XP level 6. HP: 18/52 MP: 5/5
  2186 | D:5      | Reached skill level 5 in Dodging
  2282 | D:5      | Noticed an ogre
  2390 | D:5      | Noticed Sigmund
  2409 | D:5      | HP: 2/52 [ogre/giant club (18)]
  2410 | D:5      | Killed from afar by Sigmund

Action                   |  1- 3 |  4- 6 || total
-------------------------+-------+-------++-------
Melee: War axe           |    74 |    48 ||   122
  Eat: Chunk             |     2 |     3 ||     5
